 Dungeon Crawl Stone Soup version 0.21.1-1-g345015fe64 (webtiles) character file.

556 Hercules1031 the Shield-Bearer (level 7, 0/60 HPs)
             Began as a Gnoll Fighter on June 24, 2018.
             Was an Initiate of Ashenzari.
             Slain by a gnoll
             ... wielding a +0 spear
              (4 damage)
             ... on level 4 of the Dungeon.
             The game lasted 00:07:37 (2627 turns).

Hercules1031 the Shield-Bearer (Gnoll Fighter)      Turns: 2627, Time: 00:07:37

Health: 0/60       AC: 11    Str: 20    XL:     7   Next: 30%
Magic:  10/10      EV:  9    Int: 11    God:    Ashenzari [......]
Gold:   169        SH: 10    Dex: 12    Spells: 10/10 levels left

rFire    . . .     SeeInvis .   a - +0 war axe
rCold    + . .     Gourm    .   c - +0 shield
rNeg     . . .     Faith    .   i - +2 scale mail {rC+}
rPois    .         Spirit   .   e - +0 helmet (curse)
rElec    .         Reflect  .   (no cloak)
rCorr    .         Harm     .   (no gloves)
MR       .....     Clarity  +   (no boots) Stlth +.........Rnd*Tele +
                                (no amulet)
HPRegen  0.20/turn              (no ring)
MPRegen  0.12/turn              (no ring)

@: no status effects
A: distributed training, fangs 1, clarity, clumsy 1, teleportitis 1, wild magic
1, strong nose
a: Curse Item, Renounce Religion


You were on level 4 of the Dungeon.
You worshipped Ashenzari.
Ashenzari was noncommittal.
You were not hungry.

You visited 1 branch of the dungeon, and saw 4 of its levels.

You collected 169 gold pieces.

Inventory:

Hand Weapons
 a - a +0 war axe (weapon)
Armour
 b - a +0 scale mail
 c - a +0 shield (worn)
 e - a cursed +0 helmet (worn)
 h - a +2 hat
 i - a +2 scale mail of cold resistance (worn)
Scrolls
 d - a scroll of remove curse
 g - 2 scrolls of teleportation
 k - a scroll of identify
Comestibles
 f - 8 rations


   Skills:
 + Level 7.0 Fighting
 + Level 2.3 Short Blades
 + Level 2.3 Long Blades
 + Level 5.2 Axes
 + Level 2.3 Maces & Flails
 + Level 2.3 Polearms
 + Level 2.3 Staves
 + Level 2.3 Slings
 + Level 2.3 Bows
 + Level 2.3 Crossbows
 + Level 2.3 Throwing
 + Level 7.0 Armour
 + Level 2.3 Dodging
 + Level 2.3 Stealth
 + Level 7.0 Shields
 + Level 2.3 Unarmed Combat
 + Level 2.3 Spellcasting
 + Level 1.9 Conjurations
 + Level 1.9 Hexes
 + Level 1.9 Charms
 + Level 1.9 Summonings
 + Level 1.9 Necromancy
 + Level 1.9 Translocations
 + Level 1.9 Transmutations
 + Level 1.9 Fire Magic
 + Level 1.9 Ice Magic
 + Level 1.9 Air Magic
 + Level 1.9 Earth Magic
 + Level 1.9 Poison Magic
 + Level 2.6 Invocations
 + Level 2.3 Evocations


You had 10 spell levels left.
You didn't know any spells.

Dungeon Overview and Level Annotations

Branches:
Dungeon (4/15)
 Temple: D:4-7

Altars:
Ashenzari
Makhleb
Nemelex Xobeh
Okawaru
Yredelemnul


Innate Abilities, Weirdness & Mutations

Your experience applies equally to all skills.
You have very sharp teeth.
Your uncanny sense of smell can sniff out nearby items.
You possess an exceptional clarity of mind.
You are clumsy. (Dex -2)
You are occasionally teleported next to monsters.
Your spells are a little harder to cast, but a little more powerful.


Message History

The gnoll hits you but does no damage.
You hit the bullfrog skeleton.
The bullfrog skeleton is heavily damaged.
You block the bullfrog skeleton's attack.
The gnoll misses you.
The gnoll hits you from afar with a spear.
* * * LOW HITPOINT WARNING * * *
You block the bullfrog skeleton's attack.
The gnoll hits you but does no damage.
The gnoll hits you from afar with a halberd.
* * * LOW HITPOINT WARNING * * *
The bullfrog skeleton hits you but does no damage. x2
You slash the bullfrog skeleton!
You destroy the bullfrog skeleton!
The gnoll hits you from afar with a spear.
* * * LOW HITPOINT WARNING * * *
The gnoll hits you from afar with a halberd.
* * * LOW HITPOINT WARNING * * *
The gnoll hits you with a spear.
You die...

#### ###########
#!..###.........#
##....@gg.....)..#
......###g....###...
......#####g#####...
......###.....###...
....................
.............'<.....
.............#...)..
##..###..>#######..#
.. #...# ..#


You could see 4 gnolls.

Vanquished Creatures
  Duvessa (D:4)
  An ogre (D:4)
  Dowan (D:4)
  The ghost of Freyura the Skirmisher, a weakling GrFi of Cheibriados (D:3)
  2 bullfrog skeletons
  A centaur skeleton (D:4)
  8 gnolls
  3 adders (D:4)
  An ooze (D:2)
  4 worms
  2 dart slugs
  A leopard gecko (D:1)
  3 orcs
  5 bats
  5 giant cockroaches
  3 goblins
  7 hobgoblins
  4 jackals (D:2)
  10 kobolds
  2 quokkas
  2 ball pythons
  4 frilled lizards
  A leopard gecko skeleton (D:4)
  2 rats (D:1)
74 creatures vanquished.

Notes
Turn   | Place    | Note
-------+----------+-------------------------------------------
     0 | D:1      | Hercules1031 the Gnoll Fighter began the quest for the Orb.
     0 | D:1      | Reached XP level 1. HP: 23/23 MP: 1/1
   209 | D:1      | Reached XP level 2. HP: 25/29 MP: 2/2
   592 | D:1      | Reached XP level 3. HP: 33/35 MP: 3/3
   783 | D:2      | Reached skill level 1 in Invocations
   979 | D:2      | Found a sparkling altar of Nemelex Xobeh.
  1080 | D:2      | Found a burning altar of Makhleb.
  1142 | D:2      | Reached skill level 1 in Short Blades
  1142 | D:2      | Reached skill level 1 in Long Blades
  1142 | D:2      | Reached skill level 1 in Maces & Flails
  1142 | D:2      | Reached skill level 1 in Polearms
  1142 | D:2      | Reached skill level 1 in Staves
  1142 | D:2      | Reached skill level 1 in Slings
  1142 | D:2      | Reached skill level 1 in Bows
  1142 | D:2      | Reached skill level 1 in Crossbows
  1142 | D:2      | Reached skill level 1 in Throwing
  1142 | D:2      | Reached skill level 1 in Dodging
  1142 | D:2      | Reached skill level 1 in Stealth
  1142 | D:2      | Reached skill level 1 in Unarmed Combat
  1142 | D:2      | Reached skill level 1 in Spellcasting
  1142 | D:2      | Reached skill level 1 in Evocations
  1278 | D:2      | Found an iron altar of Okawaru.
  1281 | D:2      | Reached XP level 4. HP: 40/41 MP: 5/5
  1600 | D:3      | Noticed Freyura's ghost (weakling GrFi)
  1620 | D:3      | Killed Freyura's ghost
  1620 | D:3      | Reached skill level 1 in Conjurations
  1620 | D:3      | Reached skill level 1 in Hexes
  1620 | D:3      | Reached skill level 1 in Charms
  1620 | D:3      | Reached skill level 1 in Summonings
  1620 | D:3      | Reached skill level 1 in Necromancy
  1620 | D:3      | Reached skill level 1 in Translocations
  1620 | D:3      | Reached skill level 1 in Transmutations
  1620 | D:3      | Reached skill level 1 in Fire Magic
  1620 | D:3      | Reached skill level 1 in Ice Magic
  1620 | D:3      | Reached skill level 1 in Air Magic
  1620 | D:3      | Reached skill level 1 in Earth Magic
  1620 | D:3      | Reached skill level 1 in Poison Magic
  1620 | D:3      | Reached XP level 5. HP: 16/47 MP: 6/6
  2158 | D:3      | Found a basalt altar of Yredelemnul.
  2458 | D:4      | Reached XP level 6. HP: 41/53 MP: 8/8
  2490 | D:4      | Noticed Dowan
  2491 | D:4      | Noticed Duvessa
  2510 | D:4      | Killed Duvessa
  2510 | D:4      | Reached skill level 5 in Axes
  2511 | D:4      | Killed Dowan
  2518 | D:4      | Gained mutation: You are occasionally teleported next to monsters. [potion of mutation]
  2518 | D:4      | Gained mutation: You are clumsy. (Dex -2) [potion of mutation]
  2518 | D:4      | Gained mutation: You possess an exceptional clarity of mind. [potion of mutation]
  2518 | D:4      | Gained mutation: Your spells are a little harder to cast, but a little more powerful. [potion of mutation]
  2556 | D:4      | Reached XP level 7. HP: 28/59 MP: 10/10
  2611 | D:4      | Found a shattered altar of Ashenzari.
  2614 | D:4      | Became a worshipper of Ashenzari the Shackled
  2627 | D:4      | Slain by a gnoll

Skill      XL: |  1  2  3  4  5  6  7 |
---------------+----------------------+-----
Invocations    | 1 2 |  2.6
Short Blades   | 1 2 |  2.3
Long Blades    | 1 2 |  2.3
Maces & Flails | 1 2 |  2.3
Polearms       | 1 2 |  2.3
Staves         | 1 2 |  2.3
Slings         | 1 2 |  2.3
Bows           | 1 2 |  2.3
Crossbows      | 1 2 |  2.3
Throwing       | 1 2 |  2.3
Dodging        | 1 2 |  2.3
Stealth        | 1 2 |  2.3
Unarmed Combat | 1 2 |  2.3
Spellcasting   | 1 2 |  2.3
Evocations     | 1 2 |  2.3
Conjurations   | 1 |  1.9
Hexes          | 1 |  1.9
Charms         | 1 |  1.9
Summonings     | 1 |  1.9
Necromancy     | 1 |  1.9
Translocations | 1 |  1.9
Transmutations | 1 |  1.9
Fire Magic     | 1 |  1.9
Ice Magic      | 1 |  1.9
Air Magic      | 1 |  1.9
Earth Magic    | 1 |  1.9
Poison Magic   | 1 |  1.9
Axes           | 5 |  5.2
Fighting       | 7 |  7.0
Armour         | 7 |  7.0
Shields        | 7 |  7.0

Action                   |  1- 3 |  4- 6 |  7- 9 || total
-------------------------+-------+-------+-------++-------
Melee: War axe           |   120 |    91 |    19 ||   230
       Bite              |    16 |    16 |     2 ||    34
  Use: Potion            |     6 |     5 |       ||    11
       Scroll            |     1 |     5 |       ||     6
 Stab: Invisible         |       |     1 |       ||     1
  Eat: Ration            |     1 |     1 |       ||     2
Armor: Scale mail        |    62 |    40 |    20 ||   122
Dodge: Dodged            |    40 |    38 |     9 ||    87
Block: Shield            |    69 |    61 |    13 ||   143
